 Dungeon Crawl Stone Soup version 0.32-a0-571-gec57dfcd37 (webtiles) character file.

Game seed: 17034738611923020349

63 CougarLife the Digger (level 4, -1/24 HPs)
             Began as a Gargoyle Earth Elementalist on Mar 1, 2024.
             Slain by Crazy Yiuf
             ... wielding a +3 quarterstaff of chaos
              (11 damage)
             ... on level 2 of the Dungeon.
             The game lasted 00:01:52 (2371 turns).

CougarLife the Digger (Gargoyle Earth Elementalist) Turns: 2371, Time: 00:01:52

Health: -1/24      AC:  5    Str: 12    XL:     4   Next: 9%
Magic:  6/8        EV: 11    Int: 17    God:
Gold:   68         SH:  0    Dex: 10    Spells: 7/8 levels left

rFire   . . .        k - +0 dagger
rCold   . . .        (no shield)
rNeg    + . .        a - +0 robe
rPois   ∞            (no helmet)
rElec   +            (no cloak)
rCorr   .            (no gloves)
SInv    .            (no boots)
Will    .....        h - amulet of regeneration
Stlth   +            (no ring)
HPRegen 1.04/turn    (no ring)
MPRegen 0.11/turn

%: no passive effects
@: confused
A: sickness immunity, AC +3, negative energy resistance 1, electricity
resistance, torment resistance 1, petrification resistance
a: no special abilities


You were on level 2 of the Dungeon.
You visited 1 branch of the dungeon, and saw 2 of its levels.

You collected 68 gold pieces.

Inventory:

Hand Weapons
 k - a +0 dagger (weapon)
Armour
 a - a +0 robe (worn)
Jewellery
 h - an amulet of regeneration (around neck)
Scrolls
 g - 3 scrolls of poison {unknown}
 j - a scroll of teleportation {unknown}
 l - a scroll of identify {unknown}
 m - a scroll of amnesia {unknown}
 p - a scroll of torment {unknown}
Potions
 b - 2 potions of magic
 c - a potion of resistance {unknown}
 d - a potion of degeneration {unknown}
 e - a potion of curing {unknown}
 f - a potion of lignification {unknown}
 i - a potion of mutation {unknown}
 n - a potion of might {unknown}
 o - a potion of attraction {unknown}


   Skills:
 - Level 1.5 Dodging
 - Level 2.1 Stealth
 + Level 2.8 Spellcasting
 + Level 2.4 Conjurations
 + Level 4.4 Earth Magic


You had 7 spell levels left.
You knew the following spells:

 Your Spells              Type           Power      Damage    Failure   Level
a - Sandblast             Erth           34%        2d9       2%          1

Your spell library contained the following spells:

 Spells                   Type           Power      Damage    Failure   Level
 Passwall                 Erth           17%        N/A       9%          3
 Stone Arrow              Conj/Erth      28%        3d8       13%         3
 Brom's Barrelling Bould  Conj/Erth      14%        2d4       38%         4
 Petrify                  Alch/Erth      10%        N/A       56%         4


Dungeon Overview and Level Annotations

Branches:
Dungeon (2/15)

Altars:
Kikubaaqudgha

Annotations:
D:2 Crazy Yiuf


Innate Abilities, Weirdness & Mutations

You are immune to sickness and miasma.
Your stone body is resilient. (AC +3)
You are immune to poison.
You resist negative energy. (rN+)
You are resistant to electric shocks. (rElec)
You are resistant to unholy torment.
You are immune to petrification.


Message History

The fungus is lightly damaged.
You hit the fungus.
The fungus is lightly damaged.
A nearby fungus withers and dies.
Found a hammer.
Found a runed translucent door.
Unknown command.
No reachable target in view!
You open the door.
Crazy Yiuf whimpers, "Peeping infinity eyeball!"
Casting: Sandblast (safe; 2% risk of failure)
Confirm with . or Enter, or press ? or * to list all spells.
Aiming: Sandblast (safe; 2% risk of failure)
Press: ? - help, Shift-Dir - straight line, f - Crazy Yiuf
Aim: Crazy Yiuf, wielding a +3 quarterstaff of chaos and wearing a +0 cloak of willpower (84% to hit)
The blast of sand hits Crazy Yiuf!
Crazy Yiuf is heavily wounded.
Crazy Yiuf hits you with a +3 quarterstaff of chaos!
Crazy Yiuf burns you.
Casting: Sandblast (safe; 2% risk of failure)
Confirm with . or Enter, or press ? or * to list all spells.
Aiming: Sandblast (safe; 2% risk of failure)
Press: ? - help, Shift-Dir - straight line, f/p - Crazy Yiuf
Aim: Crazy Yiuf, wielding a +3 quarterstaff of chaos and wearing a +0 cloak of willpower (heavily wounded, 84% to hit)
The blast of sand hits Crazy Yiuf!
Crazy Yiuf is severely wounded.
Crazy Yiuf hits you with a +3 quarterstaff of chaos.
You are confused.
You're too confused to cast spells.
Unknown command.
You're too confused to cast spells.
Unknown command.
You're too confused to cast spells.
Unknown command.
You hit Crazy Yiuf but do no damage.
Crazy Yiuf is severely wounded.
Crazy Yiuf closely misses you.
You closely miss Crazy Yiuf.
Crazy Yiuf is severely wounded.
Crazy Yiuf hits you with a +3 quarterstaff of chaos!
You die...

#........########'## #.#
#.###.##..........# #.# #.#
#.##..######..# #.# #.#
#.##.## #### #.# #.###....#
#.# #........# #.# ##########
### ###### #.# #)..###
##P...####.#
#...g@####.P........#
#÷..##..#......###### ###
###.#.P..## ######## #######
### ######## #.....# ##.##
##.#.##.# #.###.#
##...####.###.#.## #.# #.#
#................#######.###.#


You could see Crazy Yiuf.

Vanquished Creatures
  An adder (D:2)
  A dart slug (D:1)
  4 endoplasms
  2 giant cockroaches
  4 goblins
  3 hobgoblins
  9 kobolds
  5 quokkas
  5 ball pythons
  7 bats (D:1)
  4 rats
45 creatures vanquished.

Notes
Turn   | Place    | Note
-------+----------+-------------------------------------------
     0 | D:1      | CougarLife the Gargoyle Earth Elementalist began the quest
                  | for the Orb.
     0 | D:1      | Reached XP level 1. HP: 10/10 MP: 3/3
   194 | D:1      | Reached XP level 2. HP: 15/15 MP: 3/5
   335 | D:1      | Reached skill level 4 in Earth Magic
   818 | D:1      | Reached XP level 3. HP: 19/19 MP: 3/6
   867 | D:1      | Found a faded altar of an unknown god.
  1483 | D:2      | Found an ancient bone altar of Kikubaaqudgha.
  2116 | D:2      | Reached XP level 4. HP: 24/24 MP: 6/8
  2363 | D:2      | Found a runed translucent door.
  2364 | D:2      | Noticed Crazy Yiuf
  2371 | D:2      | Slain by Crazy Yiuf

Illustrated notes

Levels and vault maps discovered:
D:1:      minmay_arrival_radiant_lines, layout_basic,
          shapermc_ecumenical_altar_petra
D:2:      layout_loops_corners, basic_altar, uniq_crazy_yiuf_cottage

Skill      XL: |  1  2  3 |
---------------+----------+-----
Earth Magic    | 4 |  4.4
Conjurations   | 2 |  2.4
Dodging        | |  1.5
Stealth        | |  2.1
Spellcasting   | |  2.8

Action                     |  1- 3 |  4- 6 || total
---------------------------+-------+-------++-------
  Melee: Unarmed           |     2 |       ||     2
         Dagger            |    12 |     7 ||    19
   Cast: Sandblast         |    52 |     2 ||    54
 Armour: Robe              |    22 |     3 ||    25
  Dodge: Dodged            |    25 |     1 ||    26

Table legend: (Time is in decaauts)
 A = Elapsed time spent in this place.
 B = Non-inter-level travel time spent in this place.
 C = Inter-level travel time spent in this place.
 D = Time resting spent in this place.
 E = Time spent auto-exploring this place.
 F = Levels seen in this place.
 G = Mean time per level.
                   A        B        C        D        E       F      G
               +--------+--------+--------+--------+--------+-----+--------+
         Total |   2397 |   2370 |     27 |     20 |   2055 |   2 | 1198.5 |
       Dungeon |   2397 |   2370 |     27 |     20 |   2055 |   2 | 1198.5 |
               +--------+--------+--------+--------+--------+-----+--------+

Top non-repeatable levels by time:
     D:1: 1229 daAuts
     D:2: 1168 daAuts
